[Event "Friday 06 April Rapid Engine Tour 12+1 Rounds 9 Starts 1600ST"]
[Site "Infinity Chess"]
[Date "2018.4.6"]
[Round "8"]
[White "fati64"]
[Black "KQRBNP"]
[Result "1/2-1/2"]
[ECO "D30"]
[WhiteElo "2432"]
[BlackElo "2417"]
[WhiteEngine "BrainFish_180404_x64"]
[BlackEngine "Eman 1.70-beta17 64-bit POPCNT"]
[EventType "Swiss"]
[WhiteTeam ""]
[BlackTeam ""]
[PlyCount "102"]
[TimeControl "720+1"]

1. d4 d5 2. c4 e6 3. Nf3 Nf6 4. Nc3 c6 5. Bg5 h6 6. Bxf6 Qxf6 7. e3 Nd7 
8. Be2 Qd8 9. O-O Be7 10. Qc2 O-O 11. Rac1 a6 12. a3 b6 13. Rfd1 Bb7 14. e4 Re8 
15. e5 dxc4 16. Bxc4 Qb8 17. a4 Nf8 18. Qe2 Rd8 19. Qe3 Ng6 20. h3 Qc8 
21. Bd3 c5 22. Bxg6 fxg6 23. Qd3 g5 24. Ne4 Qc7 25. Re1 Bd5 26. b3 Rac8 
27. dxc5 bxc5 28. Qc2 Rf8 29. Re3 Rf5 30. Rce1 Rcf8 31. Rc3 Rc8 32. Ree3 a5 
33. Ned2 Kh8 34. Re2 Rf4 35. Nc4 g4 36. Nfd2 gxh3 37. Rxh3 Rcf8 38. Qg6 Rd4 
39. f3 Qd8 40. Rxh6+ gxh6 41. Qxh6+ Kg8 42. Qg6+ Kh8 43. g4 Bxf3 44. Qh6+ Kg8 
45. Qg6+ Kh8 46. Nxf3 Rd1+ 47. Ne1 Bh4 48. Qh6+ Kg8 49. Qg6+ Kh8 50. Qh6+ Kg8 
51. Qg6+ Kh8 1/2-1/2

[Event "Friday 06 April Rapid Engine Tour 12+1 Rounds 9 Starts 1600ST"]
[Site "Infinity Chess"]
[Date "2018.4.6"]
[Round "8"]
[White "Deep_Impact"]
[Black "CrapCleaner"]
[Result "1/2-1/2"]
[ECO "C77"]
[WhiteElo "2473"]
[BlackElo "2454"]
[WhiteEngine "BrainFish_180404_x64_modern"]
[BlackEngine "Raubfisch ME262_GTZ17_CTG"]
[EventType "Swiss"]
[WhiteTeam ""]
[BlackTeam ""]
[PlyCount "130"]
[TimeControl "720+1"]

1. e4 e5 2. Nf3 Nc6 3. Bb5 a6 4. Ba4 Nf6 5. d3 b5 6. Bb3 Be7 7. O-O O-O 
8. Re1 d6 9. a3 Na5 10. Ba2 c5 11. Nc3 Be6 12. Nd5 Nxd5 13. Bxd5 Bxd5 
14. exd5 Nb7 15. b3 Qd7 16. c4 f5 17. Bg5 Bxg5 18. Nxg5 Nd8 19. f4 h6 
20. Nh3 Nf7 21. fxe5 dxe5 22. Qh5 Kh7 23. Nf2 Rab8 24. Qe2 Rb6 25. Kh1 bxc4 
26. bxc4 Rfb8 27. Rac1 Kg8 28. Rf1 Rb3 29. Qe3 Qc7 30. a4 g6 31. g4 f4 
32. Qe2 Qe7 33. Ne4 Qh4 34. Rc2 Qh3 35. Qg2 Qe3 36. Qf2 Rxd3 37. Qxe3 Rxe3 
38. Nxc5 a5 39. Nd7 Rb7 40. Nc5 Rb4 41. Nd7 f3 42. c5 Rxa4 43. c6 Re2 
44. Rxe2 fxe2 45. Re1 Ra2 46. Nxe5 Nxe5 47. c7 Rc2 48. Rxe2 Rxc7 49. Rxe5 a4 
50. d6 Ra7 51. Rd5 Rd7 52. Ra5 Rxd6 53. Rxa4 Rd1+ 54. Kg2 Rd2+ 55. Kg3 Rd3+ 
56. Kf2 g5 57. Kg2 Kf7 58. h3 Rd2+ 59. Kf1 Rd3 60. Ra7+ Ke6 61. h4 Rd1+ 
62. Ke2 Rd4 63. Ra6+ Kd5 64. h5 Rxg4 65. Rxh6 Re4+ 1/2-1/2

[Event "Friday 06 April Rapid Engine Tour 12+1 Rounds 9 Starts 1600ST"]
[Site "Infinity Chess"]
[Date "2018.4.6"]
[Round "8"]
[White "Eman"]
[Black "hafaba"]
[Result "1/2-1/2"]
[ECO "A46"]
[WhiteElo "2485"]
[BlackElo "2466"]
[WhiteEngine "Eman 1.70-beta17 64-bit POPCNT"]
[BlackEngine "Eman 1.70-beta15 64-bit POPCNT_CTG"]
[EventType "Swiss"]
[WhiteTeam ""]
[BlackTeam ""]
[PlyCount "134"]
[TimeControl "720+1"]

1. d4 Nf6 2. Nf3 d5 3. c4 e6 4. g3 Bb4+ 5. Bd2 Be7 6. Qc2 O-O 7. Bg2 c6 
8. O-O b6 9. Rd1 Nbd7 10. Bf4 Ba6 11. cxd5 cxd5 12. Ne5 Rc8 13. Nc6 Nh5 
14. Bc1 Nb8 15. Nxe7+ Qxe7 16. Nc3 Rfd8 17. b3 h6 18. e3 Nc6 19. Qd2 f5 
20. Bb2 Nf6 21. f3 Qb4 22. Bf1 Bxf1 23. Rxf1 Ne7 24. Rfc1 Rd7 25. Qd1 Rdc7 
26. Ne2 g5 27. Rxc7 Rxc7 28. a4 Qd6 29. Ba3 Qd7 30. Nc1 g4 31. fxg4 fxg4 
32. Bxe7 Qxe7 33. Ne2 h5 34. Rc1 Rxc1 35. Qxc1 e5 36. dxe5 Qxe5 37. Nf4 Kg7 
38. Qd2 Qe4 39. Qc3 Kf7 40. Qc7+ Qe7 41. Qxe7+ Kxe7 42. Kf2 a5 43. Kf1 Kd6 
44. Ke2 Kc5 45. Kd3 Kd6 46. Kc2 Ne4 47. Nxh5 Ke5 48. Ng7 Nc5 49. Ne8 Ne4 
50. Nc7 Nc5 51. Na8 Nd7 52. Nc7 Nf6 53. Kd3 Nd7 54. Na8 Kd6 55. e4 dxe4+ 
56. Kxe4 Kc5 57. Kf5 Kb4 58. Ke6 Nc5+ 59. Kd5 Kxb3 60. Nxb6 Nxa4 61. Nc4 Kb4 
62. Kd4 Nc3 63. Nxa5 Nb5+ 64. Ke5 Kxa5 65. Kf4 Kb6 66. Kxg4 Kc7 67. h3 Kc8 
1/2-1/2

[Event "Friday 06 April Rapid Engine Tour 12+1 Rounds 9 Starts 1600ST"]
[Site "Infinity Chess"]
[Date "2018.4.6"]
[Round "8"]
[White "MarioDeMonti"]
[Black "RonWeasley"]
[Result "1/2-1/2"]
[ECO "E10"]
[WhiteElo "2489"]
[BlackElo "2474"]
[WhiteEngine "stockfish_x64_bmi2_2018_02_18_CTG"]
[BlackEngine "BrainFish 010418 WM_CTG"]
[EventType "Swiss"]
[WhiteTeam ""]
[BlackTeam ""]
[PlyCount "77"]
[TimeControl "720+1"]

1. d4 Nf6 2. c4 e6 3. Nf3 d5 4. Nc3 c6 5. Bg5 h6 6. Bh4 dxc4 7. e4 g5 8. Bg3 b5 
9. Be2 Bb7 10. h4 g4 11. Ne5 Nbd7 12. Nxd7 Qxd7 13. Be5 Qe7 14. O-O Rg8 
15. b3 Bg7 16. Qc2 Nh5 17. Bxg7 Rxg7 18. g3 Qd6 19. e5 Qxd4 20. Ne4 Qxe5 
21. Rad1 Kf8 22. Rfe1 c5 23. Bxc4 bxc4 24. Nd6 Qf6 25. Nxb7 Qf3 26. Qd2 Qxb7 
27. Qxh6 Nxg3 28. fxg3 Kg8 29. bxc4 Qf3 30. Qe3 Qxe3+ 31. Rxe3 Rb8 32. Re5 Rb2 
33. a4 Rb3 34. Kg2 Ra3 35. Rxc5 Ra2+ 36. Kg1 Ra3 37. Kg2 Ra2+ 38. Kg1 Ra3 
39. Kg2 1/2-1/2

[Event "Friday 06 April Rapid Engine Tour 12+1 Rounds 9 Starts 1600ST"]
[Site "Infinity Chess"]
[Date "2018.4.6"]
[Round "8"]
[White "Prometheus"]
[Black "MCDermont"]
[Result "1/2-1/2"]
[ECO "C11"]
[WhiteElo "2460"]
[BlackElo "2494"]
[WhiteEngine "Eman 1.70-beta15 64-bit BMI2"]
[BlackEngine "BrainFish 010418 WM_CTG"]
[EventType "Swiss"]
[WhiteTeam ""]
[BlackTeam ""]
[PlyCount "98"]
[TimeControl "720+1"]

1. e4 e6 2. d4 d5 3. Nc3 Nf6 4. e5 Nfd7 5. f4 c5 6. Nf3 Nc6 7. Be3 cxd4 
8. Nxd4 Qb6 9. Qd2 Qxb2 10. Rb1 Qa3 11. Bb5 Nxd4 12. Bxd4 a6 13. Bxd7+ Bxd7 
14. Rb3 Qe7 15. Rxb7 Rc8 16. O-O Qd8 17. f5 exf5 18. Qd3 Bc5 19. Bxc5 Rxc5 
20. Nxd5 Bc8 21. Re7+ Kf8 22. Qa3 Qa5 23. Qxa5 Rxa5 24. Rc7 Be6 25. Nf4 Rxe5 
26. Nxe6+ Rxe6 27. Rxf5 Re7 28. Rc8+ Re8 29. Rfc5 Ke7 30. R8c6 g6 31. Rxa6 Rc8 
32. Re5+ Kf8 33. Re2 Kg7 34. Ra7 Ra8 35. Rxa8 Rxa8 36. c4 Kf6 37. g4 Kg5 
38. Rf2 Kxg4 39. Rxf7 Rxa2 40. Rxh7 Rc2 41. c5 g5 42. h3+ Kf3 43. Rf7+ Kg3 
44. h4 Rc1+ 45. Rf1 Rc3 46. h5 Rxc5 47. Rd1 Rc6 48. h6 Rxh6 49. Rd3+ Kh4 1/2-1/2

[Event "Friday 06 April Rapid Engine Tour 12+1 Rounds 9 Starts 1600ST"]
[Site "Infinity Chess"]
[Date "2018.4.6"]
[Round "8"]
[White "MGR"]
[Black "Thinker"]
[Result "1/2-1/2"]
[ECO "C50"]
[WhiteElo "2476"]
[BlackElo "2447"]
[WhiteEngine "CF 180327 64 POP N"]
[BlackEngine "BrainFish_180404_x64_modern_CTG"]
[EventType "Swiss"]
[WhiteTeam ""]
[BlackTeam ""]
[PlyCount "99"]
[TimeControl "720+1"]

1. e4 e5 2. Nf3 Nc6 3. Bc4 Bc5 4. O-O Nf6 5. d3 d6 6. c3 O-O 7. Re1 a5 8. Bb3 h6 
9. h3 Bd7 10. d4 Bb6 11. Be3 Re8 12. d5 Nb8 13. Bxb6 cxb6 14. a4 b5 
15. axb5 Bxb5 16. Na3 Bd7 17. Bc4 Na6 18. Bb5 Bxb5 19. Nxb5 Nc7 20. Na3 b5 
21. Qe2 Nh5 22. g3 Qd7 23. Kg2 Nf6 24. Nd2 a4 25. Reb1 Nh7 26. Qg4 Qxg4 
27. hxg4 Nf6 28. f3 Nd7 29. Kf2 Rec8 30. Nc2 g6 31. Rh1 Kg7 32. Nb1 Nc5 
33. Nba3 N5a6 34. Ke3 Rab8 35. Rac1 Rd8 36. Rh2 Rdc8 37. Rch1 Rh8 38. Re2 b4 
39. cxb4 Nxb4 40. Nc4 Rhc8 41. Nxb4 Rxb4 42. Nxd6 Rd8 43. Rc1 Nxd5+ 
44. exd5 Rxd6 45. Rd2 Kf6 46. Rc7 Rb3+ 47. Ke4 Rb4+ 48. Ke3 Rb3+ 49. Ke4 Rb4+ 
50. Ke3 1/2-1/2

[Event "Friday 06 April Rapid Engine Tour 12+1 Rounds 9 Starts 1600ST"]
[Site "Infinity Chess"]
[Date "2018.4.6"]
[Round "8"]
[White "SkyPilot"]
[Black "Murx"]
[Result "1/2-1/2"]
[ECO "C53"]
[WhiteElo "2481"]
[BlackElo "2517"]
[WhiteEngine "stockfish_x64_bmi2_2018_03_30_CTG"]
[BlackEngine "asmFishW_2018-04-01_bmi2"]
[EventType "Swiss"]
[WhiteTeam ""]
[BlackTeam ""]
[PlyCount "51"]
[TimeControl "720+1"]

1. e4 e5 2. Nf3 Nc6 3. Bc4 Bc5 4. c3 Nf6 5. d3 a5 6. O-O d6 7. Re1 O-O 
8. Nbd2 h6 9. h3 Be6 10. a4 Ba7 11. b3 Nd7 12. Ra2 Qf6 13. Nf1 Qg6 14. g4 Ne7 
15. Ng3 Nb6 16. Bb5 c6 17. Bc4 Rad8 18. Rb2 Nxc4 19. bxc4 Bc8 20. d4 Qe6 
21. Qd3 Ng6 22. Be3 Qd7 23. Qd2 Qe6 24. Qd3 Qd7 25. Qd2 Qe6 26. Qd3 1/2-1/2

[Event "Friday 06 April Rapid Engine Tour 12+1 Rounds 9 Starts 1600ST"]
[Site "Infinity Chess"]
[Date "2018.4.6"]
[Round "8"]
[White "IronMan"]
[Black "THE_MACHINE"]
[Result "0-1"]
[ECO "C55"]
[WhiteElo "2480"]
[BlackElo "2492"]
[WhiteEngine "Eman 1.70-beta15 64-bit BMI2"]
[BlackEngine "BrainFish_180404_x64_bmi2"]
[EventType "Swiss"]
[WhiteTeam ""]
[BlackTeam ""]
[PlyCount "164"]
[TimeControl "720+1"]

1. e4 e5 2. Nf3 Nc6 3. Bc4 Nf6 4. d3 Bc5 5. O-O d6 6. c3 O-O 7. Bg5 h6 8. Bh4 g5 
9. Nxg5 hxg5 10. Bxg5 Kg7 11. Qf3 Rh8 12. Nd2 Kg6 13. Be3 Qd7 14. b4 Bb6 
15. h3 Kg7 16. Rae1 Nh5 17. a4 Qe7 18. a5 Bxe3 19. fxe3 Nd8 20. g4 Qh4 
21. Kg2 Nf6 22. Qg3 Be6 23. Rf2 Bxc4 24. Nxc4 Nd7 25. Qxh4 Rxh4 26. Ref1 f6 
27. Nd2 Ne6 28. Nf3 Rh7 29. h4 Rg8 30. Kg3 Kf7 31. Rg2 Rhg7 32. Kh3 Ke7 
33. Rb1 Rh7 34. Rbb2 Ng5+ 35. Nxg5 Rxg5 36. Kg3 Rg8 37. Rb1 Nf8 38. Ra1 Ne6 
39. c4 Nd8 40. Rc1 Nc6 41. Rb1 Ke6 42. Rb3 Ne7 43. Kh3 Ng6 44. h5 Nh8 45. a6 b6 
46. Rg3 Rhg7 47. Rb2 Nf7 48. Kh4 Nh6 49. Rbg2 Rg5 50. b5 Kd7 51. Rg1 c6 
52. R3g2 cxb5 53. cxb5 d5 54. Rg3 dxe4 55. dxe4 Rc8 56. Rf1 Ke7 57. Rxf6 Kxf6 
58. Rf3+ Nf5+ 59. exf5 Rc1 60. e4 Rg8 61. Rd3 Rh1+ 62. Kg3 Rg1+ 63. Kf3 R8xg4 
64. Rd6+ Kg5 65. Ke3 Re1+ 66. Kd2 Rexe4 67. Kc3 Rg3+ 68. Kc2 Re2+ 69. Kd1 Rgg2 
70. Kc1 Re1+ 71. Rd1 Rxd1+ 72. Kxd1 Kxf5 73. Ke1 Rh2 74. h6 Rxh6 75. Ke2 Ke4 
76. Kd2 Rh2+ 77. Kc3 Re2 78. Kb3 Kd3 79. Kb4 Rb2+ 80. Ka4 Kc3 81. Ka3 e4 
82. Ka4 Ra2# 0-1

[Event "Friday 06 April Rapid Engine Tour 12+1 Rounds 9 Starts 1600ST"]
[Site "Infinity Chess"]
[Date "2018.4.6"]
[Round "8"]
[White "Brtroy"]
[Black "xeonrocks"]
[Result "1/2-1/2"]
[ECO "C77"]
[WhiteElo "2515"]
[BlackElo "2571"]
[WhiteEngine "Stockfish_18040400_x64_bmi2_CTG"]
[BlackEngine "Stockfish_x64_bmi2_CTG"]
[EventType "Swiss"]
[WhiteTeam ""]
[BlackTeam ""]
[PlyCount "300"]
[TimeControl "720+1"]

1. e4 e5 2. Nf3 Nc6 3. Bb5 a6 4. Ba4 Nf6 5. O-O Be7 6. d3 b5 7. Bb3 d6 8. c3 O-O 
9. h3 Bb7 10. Bc2 Re8 11. Nbd2 Nb8 12. Re1 Nbd7 13. Nf1 Bf8 14. Ne3 c5 
15. c4 Nb8 16. Bd2 Nc6 17. Bb3 Na5 18. Bc2 Nc6 19. Rb1 Rc8 20. Nd5 Be7 
21. Ra1 Nxd5 22. cxd5 Nb4 23. Bb1 a5 24. a3 Na6 25. a4 b4 26. Ba2 Nc7 
27. Bc4 Kh8 28. g4 g6 29. Kh2 f5 30. gxf5 gxf5 31. Bh6 Bf8 32. Bg5 Be7 
33. Rg1 Bf6 34. Bh6 Rg8 35. Rxg8+ Qxg8 36. Qd2 f4 37. Rg1 Qf7 38. Qd1 Rg8 
39. Ng5 Bxg5 40. Rxg5 Rxg5 41. Bxg5 Bc8 42. Bd8 h6 43. Qf3 Kh7 44. Bb3 Qd7 
45. Bh4 Ne8 46. Bd1 Qc7 47. b3 Ng7 48. Be2 Ba6 49. Kg1 Qb8 50. Qg4 Bc8 
51. Qg2 Bd7 52. Bd1 Be8 53. Bf6 Qc7 54. Bf3 Bg6 55. Kh2 Nh5 56. Bh4 Ng7 
57. Bg4 Qb8 58. Be7 Bf7 59. Qf1 Qc7 60. Bf6 Be8 61. Bh4 Qb6 62. Bf3 Qc7 
63. Bg4 Qb6 64. Kg1 Qc7 65. Qe2 Qf7 66. Bf3 Qf8 67. Kf1 Bg6 68. Ke1 Qb8 
69. Kd2 Qc7 70. Qf1 Qf7 71. Qg1 Qd7 72. Ke1 Qa7 73. Ke2 Qc7 74. Qd1 Ne8 
75. Ke1 Ng7 76. Kd2 Qf7 77. Bd8 Qa7 78. Ke2 Qa8 79. Bh4 Qb7 80. Qf1 Be8 
81. Qc1 Qc7 82. Kd2 Bd7 83. Bg4 Bxg4 84. hxg4 Qa7 85. Kc2 Ne8 86. Kd2 Kg7 
87. Ke2 Kh7 88. Qh1 Qd7 89. f3 Kg6 90. Qh3 Kg7 91. Qg2 Qa7 92. Ke1 Kf7 
93. Qh1 Kg6 94. Qh3 Qd7 95. Qg2 Qc7 96. Qc2 Qf7 97. Kf1 Kg7 98. Bd8 Qa7 
99. Qf2 Kg8 100. Qe1 Ng7 101. Qe2 Qa8 102. Bh4 Kf7 103. Qc2 Qb7 104. Qc4 Kg6 
105. d4 exd4 106. Ke1 Qc7 107. Qa6 c4 108. Qxc4 Qxc4 109. bxc4 Ne8 110. Bf2 Nf6 
111. Bxd4 Nd7 112. Kd1 Kf7 113. Ke2 Kg6 114. Kd2 Kf7 115. Kc2 Kg6 116. Kd1 Kf7 
117. Kd2 Kg6 118. Kc2 Kf7 119. Kb2 Kg6 120. Kb3 Kg5 121. Kb2 Kg6 122. Ka2 Kf7 
123. Kb1 Kg6 124. Kc2 Kf7 125. c5 dxc5 126. Bb2 Kg6 127. Bc1 Kg5 128. Bb2 Kg6 
129. Kb1 Nb6 130. Be5 Nxa4 131. Bxf4 Nc3+ 132. Kc2 Kf7 133. Bxh6 a4 134. Bd2 Nb5 
135. e5 Nd4+ 136. Kb1 Nxf3 137. Bf4 a3 138. e6+ Ke7 139. g5 b3 140. g6 Nd4 
141. Be5 Nxe6 142. dxe6 Kxe6 143. Ka1 b2+ 144. Kb1 c4 145. Ka2 c3 146. Kb1 c2+ 
147. Kxc2 Ke7 148. g7 Kf7 149. g8=Q+ Kxg8 150. Bxb2 axb2 1/2-1/2

[Event "Friday 06 April Rapid Engine Tour 12+1 Rounds 9 Starts 1600ST"]
[Site "Infinity Chess"]
[Date "2018.4.6"]
[Round "8"]
[White "star99"]
[Black "Marsell"]
[Result "1/2-1/2"]
[ECO "C55"]
[WhiteElo "2433"]
[BlackElo "2466"]
[WhiteEngine "Cryptic Heroes 9.3B"]
[BlackEngine "asmFishW_2018-04-02_bmi2"]
[EventType "Swiss"]
[WhiteTeam ""]
[BlackTeam ""]
[PlyCount "61"]
[TimeControl "720+1"]

1. e4 e5 2. Nf3 Nc6 3. Bc4 Nf6 4. d3 Bc5 5. c3 d6 6. O-O O-O 7. a4 a6 8. h3 a5 
9. Re1 h6 10. Bb5 Bd7 11. Nbd2 Re8 12. Nf1 Ne7 13. Bxd7 Qxd7 14. Ng3 Ng6 
15. d4 Bb6 16. Qc2 d5 17. dxe5 dxe4 18. Nxe4 Nh5 19. Be3 Bxe3 20. Rad1 Bxf2+ 
21. Nxf2 Qc6 22. Nd4 Qd5 23. e6 Nhf4 24. exf7+ Qxf7 25. Qf5 Rad8 26. Rxe8+ Rxe8 
27. g3 Ne2+ 28. Kg2 Nef4+ 29. Kg1 Ne2+ 30. Kg2 Nef4+ 31. Kg1 1/2-1/2

[Event "Friday 06 April Rapid Engine Tour 12+1 Rounds 9 Starts 1600ST"]
[Site "Infinity Chess"]
[Date "2018.4.6"]
[Round "7"]
[White "angriff"]
[Black "MedusaV3"]
[Result "0-1"]
[ECO "C58"]
[WhiteElo "2347"]
[BlackElo "2358"]
[WhiteEngine "DracoREX 3.07 64BIT POPCNT_CTG"]
[BlackEngine "Eman 1.70-beta10 64-bit BMI2"]
[EventType "Swiss"]
[WhiteTeam ""]
[BlackTeam ""]
[PlyCount "154"]
[TimeControl "720+1"]

1. e4 e5 2. Nf3 Nc6 3. Bc4 Nf6 4. Ng5 d5 5. exd5 Na5 6. Bb5+ c6 7. dxc6 bxc6 
8. Qf3 Be7 9. Bd3 O-O 10. Nc3 Rb8 11. O-O Rb4 12. Qd1 c5 13. Re1 Ng4 14. a3 Rd4 
15. Nf3 f5 16. Bf1 e4 17. Nxd4 Bd6 18. g3 cxd4 19. b4 Qf6 20. bxa5 dxc3 
21. dxc3 f4 22. Bxf4 Bxf4 23. Qd5+ Kh8 24. Re2 Qh6 25. h3 e3 26. gxf4 exf2+ 
27. Kh1 Qxf4 28. hxg4 Bxg4 29. Rxf2 Qxf2 30. Bg2 Qh4+ 31. Kg1 Qf2+ 32. Kh1 Bf3 
33. Bxf3 Rxf3 34. Qa8+ Rf8 35. Qe4 Qf6 36. Re1 h6 37. Rg1 Qxc3 38. Kh2 Qxa5 
39. Rg3 Qc5 40. Kh3 Qc8+ 41. Kh2 Rf2+ 42. Rg2 Rf5 43. Rd2 Qb8+ 44. Kg2 Re5 
45. Qd3 Qb7+ 46. Kf2 Qf7+ 47. Kg1 Rf5 48. Rg2 Rf3 49. Qe2 Qf5 50. Qc4 Qe5 
51. Qe2 Qd4+ 52. Kh1 Re3 53. Qg4 Re1+ 54. Kh2 Qe5+ 55. Rg3 Re3 56. Qxg7+ Qxg7 
57. Rxe3 Qc7+ 58. Kg1 Qxc2 59. Rh3 Qg6+ 60. Kf2 h5 61. Rg3 Qe4 62. Re3 Qf4+ 
63. Rf3 Qh2+ 64. Ke3 h4 65. Kd3 h3 66. Re3 Kg7 67. Re7+ Kf6 68. Re8 Qd6+ 
69. Ke2 Kg5 70. Kf1 Kf4 71. Ke1 h2 72. Rh8 Qe5+ 73. Kd1 Qxh8 74. Kc2 h1=Q 
75. a4 Qc8+ 76. Kb2 Qhc1+ 77. Kb3 Q8c4# 0-1

[Event "Friday 06 April Rapid Engine Tour 12+1 Rounds 9 Starts 1600ST"]
[Site "Infinity Chess"]
[Date "2018.4.6"]
[Round "7"]
[White "Dovahkiin"]
[Black "CoffeeOne"]
[Result "1/2-1/2"]
[ECO "D31"]
[WhiteElo "2341"]
[BlackElo "2472"]
[WhiteEngine "corchess_x64_modern_CTG"]
[BlackEngine "stockfish_9"]
[EventType "Swiss"]
[WhiteTeam ""]
[BlackTeam ""]
[PlyCount "135"]
[TimeControl "720+1"]

1. d4 d5 2. c4 e6 3. Nc3 c6 4. Nf3 Nf6 5. Bg5 h6 6. Bxf6 Qxf6 7. e3 Nd7 
8. Bd3 dxc4 9. Bxc4 g6 10. e4 e5 11. O-O Bg7 12. d5 O-O 13. Rc1 Nb6 
14. dxc6 bxc6 15. Be2 Rd8 16. Qc2 Bg4 17. Nd1 Rac8 18. Ne3 Bxf3 19. Bxf3 h5 
20. Qe2 Rd4 21. b3 Bf8 22. Rc2 Rc7 23. Rd1 c5 24. g3 Qd6 25. Kg2 Bh6 26. Rf1 Kh7 
27. h4 Rd7 28. Re1 Kg7 29. Rec1 Qf6 30. Rc3 Rd2 31. Qa6 Bxe3 32. Rxe3 Nd5 
33. Qxf6+ Nxf6 34. Rxc5 Rxa2 35. Re2 Rxe2 36. Bxe2 Nxe4 37. Rxe5 Nd2 38. b4 Nb3 
39. Re3 Nd4 40. Rd3 Kf6 41. Rd2 Rd8 42. Ba6 Ne6 43. Ra2 Rd4 44. Bb7 Rxb4 
45. Rxa7 Rc4 46. Bd5 Rc3 47. Ra5 Rc5 48. Rxc5 Nxc5 49. Kf3 Ne6 50. Ke4 Nc5+ 
51. Kf4 Nd3+ 52. Ke3 Nc5 53. Bc4 g5 54. Be2 gxh4 55. gxh4 Nb3 56. Bxh5 Nc5 
57. Bg4 Nb3 58. Bd1 Nc5 59. Bc2 Kg7 60. Kf3 Kf6 61. Kg4 Kg7 62. Kh5 f5 
63. Bxf5 Kf6 64. Bb1 Ne6 65. Kh6 Nf4 66. h5 Nh3 67. f3 Nf4 68. Be4 1/2-1/2

[Event "Friday 06 April Rapid Engine Tour 12+1 Rounds 9 Starts 1600ST"]
[Site "Infinity Chess"]
[Date "2018.4.6"]
[Round "7"]
[White "Macho"]
[Black "KhalidOmar"]
[Result "1-0"]
[ECO "B90"]
[WhiteElo "2412"]
[BlackElo "2413"]
[WhiteEngine "asmFishW_2018-04-01_popcnt_CTG"]
[BlackEngine "Eman 1.70-beta17 64-bit BMI2"]
[EventType "Swiss"]
[WhiteTeam ""]
[BlackTeam ""]
[PlyCount "191"]
[TimeControl "720+1"]

1. e4 c5 2. Nf3 d6 3. d4 cxd4 4. Nxd4 Nf6 5. Nc3 a6 6. Be3 e5 7. Nb3 Be6 
8. f3 Be7 9. Qd2 Nbd7 10. g4 O-O 11. O-O-O b5 12. g5 Nh5 13. Nd5 Bxd5 
14. exd5 f6 15. gxf6 Bxf6 16. Na5 Qe8 17. Bh3 Nf4 18. Bxf4 exf4 19. Rhe1 Ne5 
20. Re4 Kh8 21. Qe2 Qb8 22. Be6 Qc7 23. Nc6 Rae8 24. Bh3 Qf7 25. Be6 Qh5 
26. Nxe5 Bxe5 27. a3 Re7 28. Rd3 Qg5 29. Qe1 Qh5 30. h3 Rc7 31. Kb1 Rc4 
32. Rb3 Qg6 33. Re2 Qg3 34. Qh1 Qh4 35. Qf1 Qg3 36. Ka2 Rc7 37. Qd1 Rc4 
38. Qf1 Rc7 39. c3 Rc5 40. Re1 Qg5 41. Re2 Rb8 42. Qf2 Rc7 43. h4 Qh5 
44. Re4 Rc5 45. Bg4 Qe8 46. Be6 Qh5 47. c4 Rb7 48. cxb5 axb5 49. Qh2 Rb8 
50. Qg1 h6 51. Qh1 Qe8 52. Qg1 Qh5 53. Qf2 Kh7 54. Bg4 Qe8 55. Be6 Qh5 
56. Bd7 Qf7 57. Bc6 Rc1 58. Qd2 Rh1 59. Bxb5 g6 60. Ba4 Rg8 61. Bc6 Rg7 
62. Rb7 Qf5 63. Rxg7+ Kxg7 64. a4 Qh3 65. Rxe5 dxe5 66. d6 Qe6+ 67. b3 e4 
68. Bxe4 Qe5 69. Qb2 Qxb2+ 70. Kxb2 Rd1 71. b4 Rxd6 72. a5 h5 73. b5 Rd4 
74. Kc3 Ra4 75. a6 g5 76. Bd3 g4 77. b6 g3 78. b7 Ra3+ 79. Kb2 g2 80. b8=Q Rxd3 
81. Qe5+ Kg6 82. Qg5+ Kf7 83. Qxg2 Rd6 84. a7 Rb6+ 85. Ka1 Ra6+ 86. Qa2+ Rxa2+ 
87. Kxa2 Kf6 88. Kb3 Ke7 89. a8=Q Kd7 90. Qg8 Kc6 91. Kb4 Kb6 92. Kc4 Kb7 
93. Kc5 Kc7 94. Qh7+ Kb8 95. Kc6 Kc8 96. Qc7# 1-0

[Event "Friday 06 April Rapid Engine Tour 12+1 Rounds 9 Starts 1600ST"]
[Site "Infinity Chess"]
[Date "2018.4.6"]
[Round "7"]
[White "CrapCleaner"]
[Black "Vimtiroba"]
[Result "1-0"]
[ECO "C50"]
[WhiteElo "2440"]
[BlackElo "2400"]
[WhiteEngine "Raubfisch ME262_GTZ17_CTG"]
[BlackEngine "SF9 ''M28''_CTG"]
[EventType "Swiss"]
[WhiteTeam ""]
[BlackTeam ""]
[PlyCount "161"]
[TimeControl "720+1"]

1. e4 e5 2. Nf3 Nc6 3. Bc4 Bc5 4. O-O d6 5. c3 Bb6 6. d3 Nf6 7. Bg5 h6 
8. Bh4 O-O 9. Nbd2 a6 10. Bb3 Ba7 11. Nc4 g5 12. Bg3 Kh8 13. Ne3 Ne7 
14. Bc2 Bxe3 15. fxe3 Ng6 16. d4 Qe7 17. b4 b6 18. a4 a5 19. b5 Kg7 20. c4 Bd7 
21. Be1 Bg4 22. Bc3 Rae8 23. Bb2 exd4 24. Qxd4 Ne5 25. c5 bxc5 26. Qc3 Nfd7 
27. Qxa5 Rc8 28. Bd1 Bxf3 29. Bxf3 f6 30. Be2 Qe6 31. Qc3 c6 32. Qd2 Rf7 
33. bxc6 Rxc6 34. a5 Rf8 35. Bb5 Rc7 36. a6 Ra7 37. Bc3 Nb6 38. Rad1 Nbd7 
39. Qxd6 Qb3 40. Bxe5 Qxe3+ 41. Kh1 Nxe5 42. Rfe1 Qa3 43. Rc1 Raf7 44. Qxc5 Qxc5 
45. Rxc5 Rb8 46. Kg1 Ra7 47. Ra1 h5 48. Ra5 h4 49. Be2 Rba8 50. Kf2 Kf8 
51. Ke3 Ke7 52. Rcb5 Nd7 53. Rb2 Ne5 54. Rb3 Nd7 55. Rd5 Ne5 56. Rb6 Nd7 
57. Rb7 Rxb7 58. axb7 Rb8 59. Ba6 Ke6 60. Kd3 Ke7 61. Kd4 g4 62. Ke3 Ke6 
63. Kf4 Ne5 64. Rd2 Nc6 65. Rb2 Kd6 66. Kxg4 Kc5 67. Rb5+ Kd6 68. Kxh4 Rh8+ 
69. Kg3 Nb8 70. Rb6+ Kc7 71. Rxf6 Nxa6 72. Rxa6 Kxb7 73. Rg6 Kc7 74. h4 Kd7 
75. h5 Rxh5 76. Kf4 Ke7 77. g4 Ra5 78. e5 Kf8 79. Rf6+ Kg7 80. Kf5 Ra1 81. Rc6 
1-0

[Event "Friday 06 April Rapid Engine Tour 12+1 Rounds 9 Starts 1600ST"]
[Site "Infinity Chess"]
[Date "2018.4.6"]
[Round "7"]
[White "Deep_Impact"]
[Black "fati64"]
[Result "1/2-1/2"]
[ECO "C56"]
[WhiteElo "2475"]
[BlackElo "2430"]
[WhiteEngine "BrainFish_180404_x64_modern"]
[BlackEngine "BrainFish_180404_x64"]
[EventType "Swiss"]
[WhiteTeam ""]
[BlackTeam ""]
[PlyCount "87"]
[TimeControl "720+1"]

1. e4 e5 2. Nf3 Nc6 3. Bc4 Nf6 4. d4 exd4 5. O-O Nxe4 6. Re1 d5 7. Bxd5 Qxd5 
8. Nc3 Qh5 9. Nxe4 Be6 10. Bg5 Bd6 11. Nxd6+ cxd6 12. Bf4 Qd5 13. c3 Qf5 
14. cxd4 Qxf4 15. d5 O-O 16. dxe6 fxe6 17. Rxe6 Ne5 18. Rxd6 Nxf3+ 19. gxf3 Qxf3 
20. Qxf3 Rxf3 21. Rd7 Rf7 22. Rad1 Re8 23. Kg2 Re2 24. Rxf7 Kxf7 25. Rd7+ Re7 
26. Rxe7+ Kxe7 27. Kf3 Kf6 28. Kf4 b6 29. b4 Ke6 30. h4 Kd5 31. Kg5 Ke4 
32. Kg4 b5 33. f3+ Kd3 34. h5 a6 35. Kg5 Ke3 36. Kg4 h6 37. a3 Ke2 38. Kg3 Ke3 
39. Kg4 Kf2 40. Kf4 Ke2 41. Ke4 Kf2 42. Kf4 Ke2 43. Ke4 Kf2 44. Kf4 1/2-1/2

[Event "Friday 06 April Rapid Engine Tour 12+1 Rounds 9 Starts 1600ST"]
[Site "Infinity Chess"]
[Date "2018.4.6"]
[Round "7"]
[White "Nigi"]
[Black "RonWeasley"]
[Result "1/2-1/2"]
[ECO "E10"]
[WhiteElo "2399"]
[BlackElo "2477"]
[WhiteEngine "stockfish_18022813_x64_bmi2"]
[BlackEngine "BrainFish 010418 WM_CTG"]
[EventType "Swiss"]
[WhiteTeam ""]
[BlackTeam ""]
[PlyCount "107"]
[TimeControl "720+1"]

1. d4 Nf6 2. c4 e6 3. Nf3 d5 4. Nc3 c6 5. Bg5 h6 6. Bh4 dxc4 7. e4 g5 8. Bg3 b5 
9. Be2 Bb7 10. h4 g4 11. Ne5 Nbd7 12. Nxd7 Qxd7 13. Be5 Qe7 14. b3 Rg8 
15. Qc2 Nd7 16. Bg3 e5 17. d5 cxd5 18. Nxd5 Qc5 19. bxc4 f5 20. h5 f4 
21. Bh4 Rc8 22. Rb1 a6 23. O-O f3 24. Bd3 g3 25. Kh1 fxg2+ 26. Kxg2 gxf2+ 
27. Kh1 bxc4 28. Rxb7 cxd3 29. Qxd3 Rg1+ 30. Kh2 Rxf1 31. Qxf1 Qc2 
32. Qxf2 Qxf2+ 33. Bxf2 Rc2 34. Kg3 Rxa2 35. Be3 Ra1 36. Kg4 Rf1 37. Kg3 Rh1 
38. Nc7+ Kd8 39. Ra7 Rxh5 40. Nd5 Ke8 41. Rxa6 Rh1 42. Ra8+ Kf7 43. Ra7 Ke8 
44. Ra6 Kf7 45. Ra7 Ke8 46. Rc7 h5 47. Rc6 Kf7 48. Kg2 Rh4 49. Rc7 Rg4+ 
50. Kf3 Ke6 51. Rc6+ Kf7 52. Rc7 Ke6 53. Rc6+ Kf7 54. Rc7 1/2-1/2